 Dungeon Crawl Stone Soup version 0.13-a0-2505-g5f0fbe2 (webtiles) character file.

9527 JogiH the Conjurer (level 11, -2/92 HPs)
             Began as a Djinni Wizard on July 23, 2013.
             Was a Priest of Sif Muna.
             Slain by a black mamba (16 damage)
             ... on Level 11 of the Dungeon.
             The game lasted 01:35:09 (28193 turns).

JogiH the Conjurer (Djinni Wizard)                 Turns: 28193, Time: 01:35:09

HP  -2/92        AC  8     Str  9      XL: 11   Next: 14%
MP   0/0         EV 15     Int 21      God: Sif Muna [***...]
Gold 769         SH  0     Dex 13      Spells: 10 memorised,  7 levels left

Res.Fire  : + + +   See Invis. : .   l - +0,-3 quarterstaff (curse)
Res.Cold  : x . .   Warding    : .   s - +1 robe "Aguq" {+Rage Dex+2}
Life Prot.: + + +   Conserve   : +   (no shield)
Res.Poison: .       Res.Corr.  : .   B - +0 horned helmet
Res.Elec. : .       Clarity    : .   P - +2 cloak {MR+}
Sust.Abil.: + .     Spirit.Shd : .   w - +0 pair of dwarf gloves
Res.Mut.  : .       Stasis     : .   (boots unavailable)
Res.Rott. : .       Flight     : .   q - amulet of conservation
Saprovore : . . .                    p - +3 ring of evasion
                                     g - ring of sustain abilities

@: very slightly contaminated, quite resistant to hostile enchantments,
unstealthy
A: no striking features
a: Channel Energy, Forget Spell, Renounce Religion, Evoke Berserk Rage


You were on level 11 of the Dungeon.
You worshipped Sif Muna.
Sif Muna was greatly pleased with you.
You were not hungry.

You visited 3 branches of the dungeon, and saw 13 of its levels.
You also visited: Labyrinth.

You collected 749 gold pieces.

Inventory:

Hand weapons
 d - a +4,+2 quarterstaff of chaos
 l - a cursed +0,-3 quarterstaff (weapon)
Armour
 s - the +1 robe "Aguq" (worn) {+Rage Dex+2}
   (You found it on level 11 of the Dungeon)

   It affects your dexterity (+2).
   It lets you go berserk.
 w - a +0 pair of dwarven gloves (worn)
 B - a +0 horned helmet (worn)
 P - a +2 cloak of magic resistance (worn)
 U - the +1 buckler of Sorcery {Str+2 Int+2}
   (You found it on level 9 of the Dungeon)

   It affects your strength (+2).
   It affects your intelligence (+2).
 X - the -4 pair of gloves "Derhir" {Dex+2 Int+4}
   (You found it on level 9 of the Dungeon)

   It affects your intelligence (+4).
   It affects your dexterity (+2).
Magical devices
 b - a wand of draining (5) {unknown}
 h - a wand of paralysis (12) {unknown}
 y - a wand of slowing (0)
 K - a wand of random effects (10) {unknown}
 L - a wand of confusion (16) {unknown}
 S - a wand of teleportation (4) {unknown}
 T - a wand of slowing (13)
Scrolls
 f - 3 scrolls of identify
 k - a scroll of fear
 m - 3 scrolls of teleportation
 x - a scroll of blinking {unknown}
 C - a scroll of curse jewellery {unknown}
 D - 2 scrolls of enchant weapon I {unknown}
 E - 2 scrolls of curse armour {unknown}
 G - 2 scrolls of random uselessness {unknown}
 M - a scroll of enchant weapon II {unknown}
 N - 2 scrolls of recharging {unknown}
 O - a scroll of magic mapping
 R - a scroll of enchant armour {unknown}
 V - a scroll of acquirement {unknown}
 W - a scroll of silence {unknown}
 Y - a scroll of immolation {unknown}
Jewellery
 g - a ring of sustain abilities (left hand)
 p - a +3 ring of evasion (right hand)
 q - an amulet of conservation (around neck)
 z - an uncursed ring of teleport control
 I - an uncursed amulet of resist corrosion
Potions
 e - 2 potions of heal wounds
 i - 5 potions of curing
 j - 2 potions of cure mutation {unknown}
 n - a potion of magic {unknown}
 o - a potion of confusion {unknown}
 r - a potion of brilliance {unknown}
 t - a potion of flight {unknown}
 u - 2 potions of paralysis {unknown}
 v - 2 potions of might {unknown}
 F - 3 potions of restore abilities
 J - a potion of slowing {unknown}
Books
 a - a Young Poisoner's Handbook

   Spells                             Type                      Level
   Sting                              Conjuration/Poison           1
   Cure Poison                        Poison                       2
   *Mephitic Cloud                    Conjuration/Poison/Air       3
   Olgreb's Toxic Radiance            Poison                       4
   Venom Bolt                         Conjuration/Poison           5
 c - a book of Minor Magic

   Spells                             Type                      Level
   *Magic Dart                        Conjuration                  1
   *Blink                             Translocation                2
   *Call Imp                          Summoning                    2
   *Repel Missiles                    Charms/Air                   2
   *Slow                              Hexes                        2
   *Conjure Flame                     Conjuration/Fire             3
   *Mephitic Cloud                    Conjuration/Poison/Air       3
 H - a book of Geomancy

   Spells                             Type                      Level
   Sandblast                          Earth                        1
   Stoneskin                          Transmutation/Earth          2
   *Passwall                          Transmutation/Earth          3
   *Stone Arrow                       Conjuration/Earth            3
   Petrify                            Transmutation/Earth          4
   Lee's Rapid Deconstruction         Earth                        5
 Q - a Grand Grimoire {highlevel}

   This book is beyond your current level of understanding.

   Spells                             Type                      Level
   Demonic Horde                      Summoning                    6
   Mass Abjuration                    Summoning                    6
   Haunt                              Necromancy/Summoning         7
   Summon Greater Demon               Summoning                    7
   Malign Gateway                     Summoning/Translocation      7
   Summon Horrible Things             Summoning                    8
 Z - a book of Beasts

   Spells                             Type                      Level
   Summon Butterflies                 Summoning                    1
   Sticks to Snakes                   Transmutation                2
   *Call Canine Familiar              Summoning                    3
   Ice Form                           Ice/Transmutation            4
   Summon Ice Beast                   Ice/Summoning                4
   Summon Hydra                       Summoning                    7
Miscellaneous
 A - an ornate deck of war


   Skills:
 - Level 4.1 Fighting
 - Level 3.0 Staves
 - Level 2.0 Dodging
 - Level 2.0 Stealth
 + Level 10.5 Spellcasting
 * Level 11.4 Conjurations
 - Level 3.3 Hexes
 - Level 2.0 Charms
 * Level 3.9 Summonings
 - Level 2.0 Translocations
 - Level 3.0 Transmutations
 - Level 3.1 Fire Magic
 - Level 3.0 Air Magic
 - Level 1.0 Poison Magic
 * Level 3.6 Invocations


You had 7 spell levels left.
You knew the following spells:

 Your Spells              Type           Power        Failure   Level  Hunger
a - Magic Dart            Conj           ####         1%          1    None
b - Blink                 Tloc           N/A          4%          2    None
c - Call Imp              Summ           ####......   1%          2    None
d - Conjure Flame         Conj/Fire      #####...     1%          3    None
e - Mephitic Cloud        Conj/Pois/Air  ####....     2%          3    None
f - Repel Missiles        Chrm/Air       ###.......   3%          2    None
g - Slow                  Hex            ####....     2%          2    None
h - Passwall              Trmt/Erth      ###.......   12%         3    None
i - Stone Arrow           Conj/Erth      #####.       1%          3    None
j - Call Canine Familiar  Summ           ####......   3%          3    None


Dungeon Overview and Level Annotations

Branches:
Dungeon (11/27)            Temple (1/1) D:7             Orc (0/4) D:8
   Lair (1/8) D:11

Altars:
Ashenzari
Cheibriados
Elyvilon
Fedhas
Kikubaaqudgha
Makhleb
Nemelex Xobeh
Okawaru
Sif Muna
Trog
Vehumet
Xom
Yredelemnul
Zin
the Shining One
Beogh
Jiyva


Message History

The black mamba poisons you!
* * * LOW HITPOINT WARNING * * *
You feel sick.
You feel a little better. The black mamba bites you.
* * * LOW HITPOINT WARNING * * *
* * * LOW HITPOINT WARNING * * *
You feel sick. The black mamba completely misses you.
* * * LOW HITPOINT WARNING * * *
You feel sick.
You feel a little better.
Drink which item? (? for menu, Esc to quit)
You feel better.
The black mamba bites you but does no damage.
The black mamba bites you.
* * * LOW HITPOINT WARNING * * *
The black mamba barely misses you. The black mamba barely misses you.
The black mamba bites you!
You die...

.####..............#...[####....#
..( ...............#....# . ...#
..............#.>..# .(.<
...........)..H....# ..>
..####.#....######## . #.#...H#
..#.#....# . ... ........S# #.#
.... ..#.####@# ... ####.## .##
#.# #%# ........... #.# #.#
........... #.# #.# ...........
#.# #.# #.#........ #.#. #.# #.#
#.......... .###.#. #.# #.#
#.#........ .......## #.# #.#
#.#........
........###.####.######.#........


You could see a black mamba and a hippogriff.

Vanquished Creatures
  A minotaur (Lab)
  2 hill giants
  Prince Ribbit (D:9)
  A two-headed ogre (D:9)
  2 hungry ghosts
  4 hippogriffs
  6 sky beasts
  5 ice beasts
  2 black bears
  2 orc warriors
  3 centaurs
  7 ogres
  Sigmund (D:4)
  A yaktaur zombie (D:11)
  2 water moccasins
  8 giant frogs
  A wyvern zombie (D:7)
  A cyclops skeleton (D:9)
  A troll skeleton (D:11)
  5 goliath beetles
  4 wights (D:9)
  3 crimson imps
  6 hounds
  17 orc priests
  A black bear zombie (D:10)
  2 quasits
  13 orc wizards
  Crazy Yiuf (D:7)
  4 iguanas
  A black bear skeleton (D:7)
  3 scorpions
  8 worker ants
  6 jellies
  A big kobold skeleton (D:8)
  A hound skeleton (D:7)
  8 gnolls
  2 giant centipedes (D:5)
  A worker ant zombie (D:11)
  11 adders
  9 giant mites
  6 worms
  An iguana zombie (D:8)
  2 giant eyeballs
  An iguana skeleton (D:11)
  7 giant geckos
  43 orcs
  15 bats
  7 giant cockroaches
  A gnoll zombie (D:7)
  13 hobgoblins
  8 jackals
  22 kobolds
  6 quokkas
  4 ball pythons (D:2)
  2 giant newts
  12 goblins
  2 hobgoblin skeletons
  A kobold zombie (D:7)
  An orc skeleton (D:10)
  An orc zombie (D:10)
  13 rats
  A rat skeleton (D:4)
  13 ballistomycetes (D:9)
  A butterfly (D:5)
341 creatures vanquished.

Vanquished Creatures (collateral kills)
  An ogre (D:3)
  A water moccasin (D:5)
  A crimson imp (D:6)
  2 orc wizards (D:3)
  4 adders
  2 giant mites
  An ooze (D:2)
  7 orcs
  2 giant cockroaches
  4 goblins (D:2)
  3 hobgoblins
  2 jackals
  2 kobolds
  A bat (D:2)
33 creatures vanquished.

Vanquished Creatures (others)
  5 crimson imps (D:3)
  2 hounds
  7 white imps
  A shadow imp (D:3)
  A giant spore (D:9)
16 creatures vanquished.

Grand Total: 390 creatures vanquished

Notes
Turn   | Place    | Note
--------------------------------------------------------------
     0 | D:1      | JogiH, the Djinni Wizard, began the quest for the Orb.
     0 | D:1      | Reached XP level 1. HP: 14/14 MP: 0/0
   307 | D:1      | Reached skill level 4 in Spellcasting
   307 | D:1      | Reached XP level 2. EP: 6/23
   411 | D:1      | Learned a level 2 spell: Blink
   414 | D:1      | Learned a level 2 spell: Call Imp
  1676 | D:1      | Reached XP level 3. EP: 26/29
  1704 | D:1      | Learned a level 3 spell: Conjure Flame
  3238 | D:2      | Reached XP level 4. EP: 34/37
  3350 | D:2      | Learned a level 3 spell: Mephitic Cloud
  4166 | D:3      | Noticed an ogre
  4227 | D:3      | Killed an ogre
  4227 | D:3      | Reached skill level 5 in Spellcasting
  4227 | D:3      | Reached XP level 5. EP: 24/44
  5074 | D:3      | Found a blossoming altar of Fedhas.
  6151 | D:3      | Reached XP level 6. EP: 35/53
  6396 | D:4      | Noticed Sigmund
  6961 | D:4      | Found an iron altar of Okawaru.
  6987 | D:4      | Reached skill level 1 in Fighting
  7738 | D:4      | Reached skill level 6 in Spellcasting
  8166 | D:4      | Reached XP level 7. EP: 37/60
  8275 | D:5      | Entered Level 5 of the Dungeon
  8718 | D:5      | Found a viscous altar of Jiyva.
  8876 | D:5      | Reached skill level 5 in Conjurations
  9871 | D:5      | Reached skill level 7 in Spellcasting
  9871 | D:5      | Reached skill level 1 in Poison Magic
  9971 | D:5      | Learned a level 2 spell: Repel Missiles
  9974 | D:5      | Learned a level 2 spell: Slow
 10100 | D:5      | Reached skill level 1 in Fire Magic
 10428 | D:5      | Reached XP level 8. EP: 15/67
 10808 | D:5      | Reached skill level 1 in Air Magic
 11624 | D:6      | Reached skill level 1 in Hexes
 11899 | D:6      | Reached skill level 1 in Charms
 13329 | D:6      | Reached skill level 8 in Spellcasting
 13894 | D:6      | Found a bloodstained altar of Trog.
 14182 | D:6      | Learned a level 3 spell: Passwall
 14186 | D:6      | Learned a level 3 spell: Stone Arrow
 14741 | D:7      | Reached XP level 9. EP: 46/76
 15000 | D:7      | Reached skill level 1 in Transmutations
 15596 | D:7      | Found a staircase to the Ecumenical Temple.
 15637 | Temple   | Entered the Ecumenical Temple
 15642 | Temple   | Became a worshipper of Sif Muna the Loreminder
 15666 | D:7      | Found a blossoming altar of Fedhas.
 16206 | D:7      | Reached skill level 9 in Conjurations
 16334 | D:7      | Noticed Crazy Yiuf
 16339 | D:7      | Killed Crazy Yiuf
 17046 | D:4      | Killed Sigmund
 17221 | D:4      | Acquired Sif Muna's first power
 18057 | D:8      | Reached skill level 1 in Staves
 19067 | D:8      | Found a staircase to the Orcish Mines.
 19827 | D:8      | Reached XP level 10. EP: 58/84
 20272 | D:8      | Paralysed by a giant eyeball for 2 turns
 20275 | D:8      | Paralysed by a giant eyeball for 2 turns
 20366 | D:8      | Reached skill level 10 in Conjurations
 20607 | D:8      | Found a roughly hewn altar of Beogh.
 20634 | D:8      | Acquired Sif Muna's second power
 21269 | D:9      | Got a bloodstained buckler
 21270 | D:9      | Identified the +1 buckler of Sorcery {Str+2 Int+2} (You found it on level 9 of the Dungeon)
 21578 | D:9      | Reached skill level 1 in Invocations
 21817 | D:9      | Found a blossoming altar of Fedhas.
 21845 | D:9      | Noticed Prince Ribbit
 21871 | D:9      | Killed Prince Ribbit
 22262 | D:9      | Got a pair of shimmering gloves
 22263 | D:9      | Identified the cursed -4 pair of gloves "Derhir" {Dex+2 Int+4} (You found it on level 9 of the Dungeon)
 24755 | D:10     | Entered Level 10 of the Dungeon
 24981 | D:10     | Learned a level 3 spell: Call Canine Familiar
 25514 | D:10     | Noticed a hill giant
 25540 | D:10     | Killed a hill giant
 25684 | D:10     | Reached skill level 10 in Spellcasting
 25684 | D:10     | Reached skill level 11 in Conjurations
 26402 | D:11     | Found a labyrinth entrance.
 26422 | Lab      | Entered a labyrinth
 26933 | Lab      | Noticed a minotaur
 26939 | Lab      | Killed a minotaur
 26939 | Lab      | Reached XP level 11. EP: 44/92
 27104 | Lab      | Got a steaming demon whip
 27106 | Lab      | Identified the +0,+2 demon whip "ETAOIN SHRDLU" {freeze, Int-6} (You found it in a labyrinth)
 27434 | D:11     | Noticed a hill giant
 27459 | D:11     | Killed a hill giant
 27689 | D:11     | Got a wizard robe
 27696 | D:11     | Identified the +1 robe "Aguq" {+Rage Dex+2} (You found it on level 11 of the Dungeon)
 28147 | D:11     | Found a staircase to the Lair.
 28173 | Lair:1   | Entered Level 1 of the Lair of Beasts
 28183 | D:11     | HP: 3/92 [black mamba (15)]
 28193 | D:11     | Slain by a black mamba

Action                   |  1- 3 |  4- 6 |  7- 9 | 10-12 || total
-------------------------+-------+-------+-------+-------++-------
Melee: Unarmed           |    18 |    19 |       |       ||    37
       Quarterstaff      |       |       |     3 |   126 ||   129
 Fire: Blowgun           |       |       |     6 |       ||     6
 Cast: Magic Dart        |   105 |   168 |   413 |   206 ||   892
       Call Imp          |    17 |    42 |    13 |       ||    72
       Conjure Flame     |       |     2 |    61 |    44 ||   107
       Mephitic Cloud    |       |     5 |    47 |    17 ||    69
       Stone Arrow       |       |       |    34 |    75 ||   109
       Call Canine Famil |       |       |       |    10 ||    10
       Passwall          |       |       |       |     3 ||     3
  Use: Potion            |       |     8 |     4 |     7 ||    19
       Scroll            |       |     6 |     1 |    10 ||    17
 Stab: Sleeping          |       |     1 |       |       ||     1
